 Dungeon Crawl Stone Soup version 0.29-a0-275-g389c0b56f3 (webtiles) character file.

Game seed: 8878393114671669196

91 tsouns the Skirmisher (level 4, -5/38 HPs)
             Began as a Barachi Warper on Mar 9, 2022.
             Was a Follower of Wu Jian.
             Slain by Ijyb
             ... wielding a +0 club
              (7 damage)
             ... on level 3 of the Dungeon.
             The game lasted 00:02:56 (2924 turns).

tsouns the Skirmisher (Barachi Warper)              Turns: 2924, Time: 00:02:57

Health: -5/38      AC:  4    Str: 12    XL:     4   Next: 59%
Magic:  7/7        EV: 12    Int: 15    God:    Wu Jian [*.....]
Gold:   97         SH:  0    Dex: 14    Spells: 7/7 levels left

rFire   . . .      SeeInvis .   a - +0 falchion
rCold   . . .      Faith    .   (no shield)
rNeg    . . .      Spirit   .   b - +0 leather armour
rPois   .          Reflect  .   (helmet restricted)
rElec   .          Harm     .   (no cloak)
rCorr   .          Rampage  .   (no gloves)
Will    .....      Rage     1%  (no boots)
Stlth   +.........              (no amulet)
HPRegen 0.12/turn               (no ring)
MPRegen 0.10/turn               (no ring)

@: invisible (expiring), slow
A: amphibious, slowness 1, strong legs 1, +LOS, antennae 1, agile 1, berserk 1,
shaggy fur 1
a: Hop, Renounce Religion


You were on level 3 of the Dungeon.
You worshipped Wu Jian.
Wu Jian was aware of your devotion.
You visited 1 branch of the dungeon, and saw 3 of its levels.

You collected 97 gold pieces.

Inventory:

Hand Weapons
 a - a +0 falchion (weapon)
 e - a +0 dagger of electrocution
Missiles
 d - 7 boomerangs of dispersal (quivered)
 n - 3 boomerangs
Armour
 b - a +0 leather armour (worn)
Jewellery
 l - an amulet of regeneration
Scrolls
 c - a scroll of blinking
 g - 3 scrolls of identify {unknown}
 i - a scroll of enchant weapon {unknown}
 k - a scroll of amnesia {unknown}
Potions
 f - 2 potions of curing {unknown}
 h - a potion of attraction {unknown}
 m - a potion of heal wounds {unknown}


   Skills:
 + Level 4.3 Fighting
 + Level 4.3 Long Blades
 - Level 1.0 Throwing
 - Level 1.2 Armour
 - Level 2.1 Dodging
 - Level 2.1 Spellcasting
 - Level 3.2 Translocations


You had 7 spell levels left.
You didn't know any spells.
Your spell library contained the following spells:

 Spells                   Type           Power      Damage    Failure   Level
 Blink                    Tloc           22%        N/A       11%         2
 Gell's Gravitas          Tloc           11%        N/A       22%         3
 Lesser Beckoning         Tloc           11%        N/A       22%         3
 Teleport Other           Tloc           11%        N/A       22%         3
 Ozocubu's Armour         Ice            1%         N/A       63%         3
 Manifold Assault         Tloc           11%        N/A       89%         5
 Ozocubu's Refrigeration  Ice            0%         4d5       100%        7


Dungeon Overview and Level Annotations

Branches:
Dungeon (3/15)

Altars:
Nemelex Xobeh
Sif Muna
Wu Jian

Annotations:
D:3 Ijyb


Innate Abilities, Weirdness & Mutations

You are amphibious.
You cover ground slowly.
You can hop short distances.
You have an extended range of vision and can be seen from far away.
You have a pair of small antennae on your head.
You are agile. (Dex +2)
You tend to lose your temper in combat.
You are covered in fur. (AC +1)


Message History

Ijyb is heavily wounded.
The bat barely misses you. Ijyb hits you with a +0 club.
The bat hits you but does no damage. Ijyb hits you with a +0 club.
* * * LOW HITPOINT WARNING * * *
You hit Ijyb.
Ijyb is heavily wounded.
The bat hits you but does no damage. Ijyb hits you but does no damage.
You catch the helpless Ijyb completely off-guard!
You hit Ijyb.
Ijyb is heavily wounded.
The bat barely misses you. Ijyb hits you with a +0 club.
* * * LOW HITPOINT WARNING * * *
You spin and attack Ijyb.
You barely miss Ijyb.
Ijyb is heavily wounded.
The bat closely misses you. The bat hits you but does no damage.
Ijyb hits you with a +0 club.
* * * LOW HITPOINT WARNING * * *
The bat hits you but does no damage. The bat closely misses you.
The bat closely misses you. x2
The bat barely misses you. The bat hits you but does no damage.
You see here a +0 leather armour.
The bat attacks as you move away! The bat hits you but does no damage.
The bat closely misses you. The bat closely misses you.
The bat closely misses you. The bat hits you but does no damage.
The bat hits you but does no damage. x2
You hit the bat.
The bat is heavily wounded.
The bat barely misses you. The bat hits you but does no damage.
You closely miss the bat.
The bat is heavily wounded.
The bat hits you but does no damage.
Ijyb screams, "Die!"
You hit the bat.
You kill the bat!
The Council accepts your kill.
You flicker for a moment.
Ijyb hits you with a +0 club!
You die...

#.# ## #.# .... #.#
......#######.#
#...).g.[.# ##.#.####.#
#..#. #.# #.# #. #g# #.
#.#@############
##.#####.............####
........................
#.###.###.#.###......... .
#^#...#..##......... # .#.
#.#.#.###.#.......###.
#......#.#.#.#....########
#...._........._..#
##......#.#.#.#........


You could see Ijyb (can't see you).

Vanquished Creatures
  5 adders (D:2)
  A dart slug (D:2)
  An orc (D:3)
  4 bats
  3 endoplasms
  A giant cockroach (D:1)
  4 goblins
  2 hobgoblins
  4 jackals (D:3)
  5 ball pythons
  4 frilled lizards
  7 kobolds
  2 rats
43 creatures vanquished.

Notes
Turn   | Place    | Note
-------+----------+-------------------------------------------
     0 | D:1      | tsouns the Barachi Warper began the quest for the Orb.
     0 | D:1      | Reached XP level 1. HP: 17/17 MP: 3/3
   330 | D:1      | Reached XP level 2. HP: 15/23 MP: 5/5
   741 | D:1      | Found a faded altar of an unknown god.
   750 | D:1      | Prayed at the altar of an unknown god.
   750 | D:1      | Became a worshipper of the Wu Jian Council
   750 | D:1      | Reached * piety under Wu Jian
  1169 | D:2      | Reached XP level 3. HP: 23/29 MP: 6/6
  1386 | D:2      | Gained mutation: You have a pair of small antennae on your
                  | head. [potion of mutation]
  1386 | D:2      | Gained mutation: You tend to lose your temper in combat.
                  | [potion of mutation]
  1386 | D:2      | Gained mutation: You are agile. (Dex +2) [potion of
                  | mutation]
  1386 | D:2      | Gained mutation: You are covered in fur. (AC +1) [potion of
                  | mutation]
  2170 | D:2      | Reached XP level 4. HP: 13/37 MP: 7/7
  2852 | D:3      | Found a sparkling altar of Nemelex Xobeh.
  2852 | D:3      | Found a shimmering blue altar of Sif Muna.
  2886 | D:3      | Noticed Ijyb
  2914 | D:3      | HP: 1/38 [Ijyb/+0 club (4)]
  2924 | D:3      | Slain by Ijyb

Illustrated notes

Levels and vault maps discovered:
D:1:      saegor_arrival_simple_b, layout_basic,
          hellmonk_ecumenical_altar_lost_god
D:2:      layout_basic
D:3:      layout_loops_ring, mainiacjoe_overflow_large_starburst,
          gammafunk_ghost_abyssal_escape, corexii_corridor_pit, nrook_uturn,
          uniq_terence, uniq_ijyb

Skill      XL: |  1  2  3  4 |
---------------+-------------+-----
Fighting       | 3 4 |  4.3
Long Blades    | 3 4 |  4.3
Throwing       | |  1.0
Armour         | |  1.2
Dodging        | |  2.1
Spellcasting   | |  2.1
Translocations | |  3.2

Action                   |  1- 3 |  4- 6 || total
-------------------------+-------+-------++-------
Melee: Falchion          |   133 |    72 ||   205
       Punch             |     1 |     2 ||     3
Invok: Lunge             |     8 |     4 ||    12
       Whirlwind         |     1 |     2 ||     3
  Use: Potion            |     3 |     1 ||     4
 Stab: Invisible         |     1 |     4 ||     5
       Sleeping          |       |     1 ||     1
Armor: Leather armour    |    44 |    38 ||    82
Dodge: Dodged            |    99 |    77 ||   176

Table legend: (Time is in decaauts)
 A = Elapsed time spent in this place.
 B = Non-inter-level travel time spent in this place.
 C = Inter-level travel time spent in this place.
 D = Time resting spent in this place.
 E = Time spent auto-exploring this place.
 F = Levels seen in this place.
 G = Mean time per level.
                   A        B        C        D        E       F      G
               +--------+--------+--------+--------+--------+-----+--------+
         Total |   3298 |   3183 |    115 |      0 |   2710 |   3 | 1099.3 |
       Dungeon |   3298 |   3183 |    115 |      0 |   2710 |   3 | 1099.3 |
               +--------+--------+--------+--------+--------+-----+--------+

Top non-repeatable levels by time:
     D:2: 1738 daAuts
     D:1: 1318 daAuts
     D:3: 241 daAuts
